 Dungeon Crawl Stone Soup version 0.21.0-3-g78d12a8 (webtiles) character file.

370 mopl the Vexing (level 6, -1/41 HPs)
             Began as a Mummy Enchanter on Jan 16, 2018.
             Slain by a slave (9 damage)
             ... led by Pikel
             ... on level 3 of the Dungeon.
             The game lasted 00:11:18 (4510 turns).

mopl the Vexing (Mummy Enchanter)                   Turns: 4510, Time: 00:11:19

Health: -1/41      AC:  2    Str: 12    XL:     6   Next: 42%
Magic:  8/12       EV: 12    Int: 14    God:
Gold:   229        SH:  0    Dex: 14    Spells: 1/13 levels left

rFire    x . .     SeeInvis .   a - +2 dagger (protect)
rCold    + . .     Gourm    .   (no shield)
rNeg     + + +     Faith    .   b - +0 robe
rPois    ∞         Spirit   .   (no helmet)
rElec    .         Reflect  .   (no cloak)
rCorr    .         Harm     .   (no gloves)
MR       .....                  (no boots)
Stlth    +++.......             (no amulet)
HPRegen  0.13/turn              g - +3 ring of slaying
MPRegen  0.13/turn              (no ring)

@: no status effects
A: no food or potions, fire vulnerability, cold resistance 1, negative energy
resistance 3, torment resistance, unbreathing
a: no special abilities


You were on level 3 of the Dungeon.
You were not hungry.

You visited 1 branch of the dungeon, and saw 4 of its levels.

You collected 229 gold pieces.

Inventory:

Hand Weapons
 a - a +2 dagger of protection (weapon)
 m - a cursed -2 dagger
Armour
 b - a +0 robe (worn)
 d - a cursed +0 ring mail
Jewellery
 g - a +3 ring of slaying (left hand)
Wands
 k - a wand of random effects (40)
Scrolls
 e - 2 scrolls of enchant armour {unknown}
 f - 2 scrolls of remove curse {unknown}
 h - a scroll of amnesia {unknown}
 i - a scroll of fog
 l - 2 scrolls of noise {unknown}
 n - 3 scrolls of teleportation {unknown}
 o - a scroll of immolation
Books
 c - a book of Maledictions

   Spells                             Type                      Level
   a - Corona                         Hexes                        1
   b - Ensorcelled Hibernation        Hexes/Ice                    2
   c - Confuse                        Hexes                        3
   d - Tukima's Dance                 Hexes                        3
   e - Dazzling Spray                 Conjuration/Hexes            3
 j - a book of Minor Magic

   Spells                             Type                      Level
   a - Magic Dart                     Conjuration                  1
   b - Blink                          Translocation                2
   c - Call Imp                       Summoning                    2
   d - Slow                           Hexes                        2
   e - Conjure Flame                  Conjuration/Fire             3
   f - Mephitic Cloud                 Conjuration/Poison/Air       3


   Skills:
 + Level 2.0 Short Blades
 - Level 1.5 Dodging
 * Level 4.0 Stealth
 - Level 4.0 Spellcasting
 + Level 0.2 Conjurations
 * Level 4.3 Hexes
 + Level 1.5 Ice Magic


You had one spell level left.
You knew the following spells:

 Your Spells              Type           Power        Failure   Level  Hunger
a - Corona                Hex            ##.....      3%          1    N/A
b - Ensorcelled Hibernat  Hex/Ice        ##....       9%          2    N/A
c - Confuse               Hex            ##......     10%         3    N/A
d - Tukima's Dance        Hex            ##......     10%         3    N/A
g - Dazzling Spray        Conj/Hex       #.....       22%         3    N/A

Dungeon Overview and Level Annotations

Branches:
Dungeon (4/15)
 Temple: D:4-7

Altars:

Annotations:
D:4 Pikel


Innate Abilities, Weirdness & Mutations

You do not eat or drink.
Your flesh is vulnerable to fire.
You are immune to poison.
Your flesh is cold resistant. (rC+)
You are immune to negative energy. (rN+++)
You are immune to unholy pain and torment.
You can survive without breathing.


Message History

Pikel hits you but does no damage. The slave barely misses you.
Pikel closely misses you. The slave closely misses you. Pikel hits you!
The slave hits you.
* * * LOW HITPOINT WARNING * * *
The slave completely misses you.
There is a stone staircase leading up here.
The slave misses you.
You climb upwards.
There is a stone staircase leading down here.
Unknown command.
The slave hits you.
* * * LOW HITPOINT WARNING * * *
Casting: Confuse
Confirm with . or Enter, or press ? or * to list all spells.
Aiming: Confuse
Press: ? - help, Shift-Dir - straight line, f - slave
Aim: a slave, wearing an animal skin (chance to defeat MR: 45%)
The slave resists with some effort.
The slave hits you!
You die...

#### ### ## #[<#
#.############.
#..###..............
#%.....############.
######### #.
#..@....###########.
#.p#.##'#...........
#.####..##.#########
#..#.#.###.#
#.##...)##.#
#.#[...###.#
#.#!.#..##.#
#.########.#########
#.##................


You could see a slave.

Vanquished Creatures
  Sigmund (D:2)
  2 slaves
  An orc priest (D:2)
  A centaur skeleton (D:4)
  2 orc wizards
  3 gnolls (D:2)
  An adder (D:2)
  A dart slug (D:2)
  8 orcs
  2 giant cockroaches (D:2)
  12 goblins
  3 hobgoblins
  3 quokkas (D:2)
  2 ball pythons
  7 bats
  3 frilled lizards
  11 kobolds
  6 rats
69 creatures vanquished.

Vanquished Creatures (others)
  A dancing weapon (D:4)
1 creature vanquished.

Grand Total: 70 creatures vanquished

Notes
Turn   | Place    | Note
-------+----------+-------------------------------------------
     0 | D:1      | mopl the Mummy Enchanter began the quest for the Orb.
     0 | D:1      | Reached XP level 1. HP: 13/13 MP: 4/4
   160 | D:1      | Reached skill level 1 in Short Blades
   184 | D:1      | Reached XP level 2. HP: 18/19 MP: 5/5
   240 | D:1      | Learned a level 2 spell: Ensorcelled Hibernation
   522 | D:1      | Reached skill level 3 in Hexes
  1007 | D:2      | Reached skill level 3 in Spellcasting
  1057 | D:2      | Noticed Sigmund
  1310 | D:2      | Reached XP level 3. HP: 24/24 MP: 7/7
  1321 | D:2      | Learned a level 3 spell: Confuse
  1891 | D:3      | Reached skill level 3 in Stealth
  2407 | D:3      | Reached XP level 4. HP: 28/30 MP: 8/8
  2415 | D:3      | Learned a level 3 spell: Tukima's Dance
  2712 | D:2      | Killed Sigmund
  2712 | D:2      | Reached skill level 1 in Ice Magic
  2712 | D:2      | Reached XP level 5. HP: 30/35 MP: 2/10
  2714 | D:2      | Reached skill level 4 in Hexes
  3210 | D:3      | Reached XP level 6. HP: 15/41 MP: 2/11
  3779 | D:2      | Learned a level 3 spell: Dazzling Spray
  3885 | D:2      | Reached skill level 4 in Spellcasting
  4069 | D:4      | Noticed Pikel
  4072 | D:4      | Noticed a slave
  4074 | D:4      | Noticed a slave
  4076 | D:4      | Noticed a slave
  4092 | D:4      | Noticed a slave
  4100 | D:3      | Killed a slave
  4180 | D:4      | Reached skill level 2 in Short Blades
  4180 | D:4      | Reached skill level 4 in Stealth
  4278 | D:4      | Killed a slave
  4510 | D:3      | Slain by a slave

Skill      XL: |  1  2  3  4  5  6 |
---------------+-------------------+-----
Short Blades   | 1 2 |  2.0
Hexes          | 3 4 |  4.3
Spellcasting   | 3 4 |  4.0
Stealth        | 3 4 |  4.0
Ice Magic      | 1 |  1.5
Dodging        | |  1.5
Conjurations   | |  0.2

Action                   |  1- 3 |  4- 6 || total
-------------------------+-------+-------++-------
Melee: Dagger            |   116 |   108 ||   224
 Cast: Corona            |    18 |     3 ||    21
       Ensorcelled Hiber |    17 |    28 ||    45
       Confuse           |     4 |    12 ||    16
       Tukima's Dance    |       |     1 ||     1
Evoke: Wand              |       |     4 ||     4
  Use: Scroll            |       |     4 ||     4
 Stab: Sleeping          |    14 |    16 ||    30
       Distracted        |     1 |       ||     1
       Confused          |     2 |     1 ||     3
Armor: Robe              |    27 |    33 ||    60
Dodge: Dodged            |    86 |    53 ||   139
